 Dungeon Crawl Stone Soup version 0.31-a0-596-g831eee08f1 (webtiles) character file.

Game seed: 4352757006637000859

50 DrLatency the Cudgeller (level 4, -4/38 HPs)
             Began as a Meteoran Chaos Knight on Aug 20, 2023.
             Was a Plaything of Xom.
             Slain by Natasha the sea snake (shapeshifter) (13 damage)
             ... on level 2 of the Dungeon.
             The game lasted 00:03:49 (646 turns).

DrLatency the Cudgeller (Meteoran Chaos Knight)      Turns: 646, Time: 00:03:50

Health: -4/38      AC:  5    Str: 13    XL:     4   Next: 24%
Magic:  5/5        EV: 11    Int: 16    God:    Xom [...*..]
Gold:   49         SH:  0    Dex: 19    Spells: 3/3 levels left

rFire   . . .        a - +0 mace (chaos)
rCold   . . .        (no shield)
rNeg    . . .        b - +2 leather armour
rPois   .            (no helmet)
rElec   .            (no cloak)
rCorr   .            (no gloves)
SInv    .            (no boots)
Will    .....        (no amulet)
Stlth   +            g - +6 ring of dexterity
HPRegen 0.26/turn    (no ring)
MPRegen 0.09/turn

%: no passive effects
@: glowing
A: sense surroundings 1, otherworldly, glowing, explore regen
a: Renounce Religion


You were on level 2 of the Dungeon.
You worshipped Xom.
You were a favourite toy of Xom.
You visited 1 branch of the dungeon, and saw 2 of its levels.

You collected 49 gold pieces.

Inventory:

Hand Weapons
 a - a +0 mace of chaos (weapon)
Armour
 b - a +2 leather armour (worn)
Jewellery
 g - a +6 ring of dexterity (left hand)
Scrolls
 c - a scroll of butterflies
 f - a scroll of immolation {unknown}
 i - a scroll of identify {unknown}
 j - a scroll of fog {unknown}
Potions
 d - a potion of haste {unknown}
 e - a potion of enlightenment {unknown}
 h - a potion of curing {unknown}


   Skills:
 - Level 3.2 Fighting
 + Level 6.1 Maces & Flails
 - Level 2.1 Armour
 - Level 1.1 Dodging


You had 3 spell levels left.
You didn't know any spells.
Your spell library was empty.

Dungeon Overview and Level Annotations

Branches:
Dungeon (2/15) Zot: 538

Altars:

Annotations:
D:2 Natasha


Innate Abilities, Weirdness & Mutations

You passively map a small area around you.
You are easily found by Zot.
You glow in the dark.
You regain HP and MP as you explore.


Message History

Found a stone staircase leading down.
The goblin shouts!
An orc comes into view. It is wielding a +0 hand axe.
The orc shouts!
You hit the goblin.
You kill the goblin!
Natasha, Servant of Life and Death comes into view.
The orc hits you with a +0 hand axe.
Things that are here:
a +0 dagger; a goblin corpse You closely miss the orc.
The orc hits you with a +0 hand axe.
You barely miss the orc. The orc hits you with a +0 hand axe.
You hit the orc. You freeze the orc.
The orc is severely wounded.
The orc hits you with a +0 hand axe.
Natasha mumbles some strange words.
You hit the orc but do no damage. You drain the orc.
You kill the orc!
You hit Natasha.
Natasha is lightly wounded.
Xom's power touches on a nearby monster.
Natasha changes into a shapeshifter!
Natasha the shapeshifter changes into a sea snake!
You aren't carrying any items that you can evoke.
You feel agile.
g - a +6 ring of dexterity (left hand)
The cerulean imp hits you from afar with a +1 spear.
You barely miss Natasha.
Xom guffaws.
Natasha barely misses you.
The cerulean imp hits you but does no damage.
Natasha bites you but does no damage.
You barely miss Natasha. The cerulean imp closely misses you.
Natasha bites you.
You closely miss Natasha. Natasha bites you!
* * * LOW HITPOINT WARNING * * *
The cerulean imp hits you but does no damage.
You miss Natasha. Natasha bites you!
You die...
Xom giggles madly!

* #....#### ,,
#.....#....#
**#.#.###.##.# * #
#..[#.# , **
#....#...# * , *** ,,
#######.##### #.,
#.....#.....#
#..#######.###.#####.#
#.>5S@b..#.# #.#####.#
#######.##.# #.......#
#.##.# #########
#....# ######


You could see Natasha the sea snake shaped shifter (ally target), a cerulean imp
(summoned) and a friendly bat (summoned).

Vanquished Creatures
  An adder (D:2)
  A gnoll (D:1)
  An orc (D:2)
  4 ball pythons
  2 endoplasms
  2 giant cockroaches (D:1)
  3 hobgoblins
  4 bats
  2 frilled lizards (D:1)
  5 goblins (D:2)
  4 kobolds (D:2)
29 creatures vanquished.

Vanquished Creatures (others)
  A bat zombie (D:2)
1 creature vanquished.

Grand Total: 30 creatures vanquished

Notes
Turn   | Place    | Note
-------+----------+-------------------------------------------
     0 | D:1      | DrLatency the Meteoran Chaos Knight began the quest for the
                  | Orb.
     0 | D:1      | Reached XP level 1. HP: 19/19 MP: 2/2
   117 | D:1      | Reached XP level 2. HP: 26/26 MP: 3/3
   170 | D:1      | Found a faded altar of an unknown god.
   265 | D:1      | Reached skill level 5 in Maces & Flails
   315 | D:2      | Reached XP level 3. HP: 31/31 MP: 4/4
   523 | D:1      | XOM: silly message
   544 | D:1      | Reached skill level 6 in Maces & Flails
   544 | D:1      | Reached XP level 4. HP: 17/38 MP: 5/5
   636 | D:2      | Noticed Natasha
   641 | D:2      | Natasha changed into Natasha the shapeshifter
   641 | D:2      | Noticed Natasha (shapeshifter)
   641 | D:2      | XOM: polymorph Natasha -> Natasha the shapeshifter
   641 | D:2      | Natasha the shapeshifter changed into Natasha the sea snake
   641 | D:2      | Noticed Natasha (shapeshifter)
   643 | D:2      | XOM: cast spell 'Summon Small Mammal'
   646 | D:2      | Slain by Natasha the sea snake (shapeshifter)

Illustrated notes

Levels and vault maps discovered:
D:1:      dpeg_arrival_water_temple_mockup, layout_rooms,
          dilly_ecumenical_altar_fadedgnrine
D:2:      minmay_diamond_boxcup, layout_basic, chequers_serial_rivers_small_b,
          uniq_crazy_yiuf_cottage, uniq_natasha

Skill      XL: |  1  2  3 |
---------------+----------+-----
Maces & Flails | 5 6 |  6.1
Fighting       | |  3.2
Armour         | |  2.1
Dodging        | |  1.1

Action                     |  1- 3 |  4- 6 || total
---------------------------+-------+-------++-------
  Melee: Mace              |    84 |    10 ||    94
         Punch             |     2 |       ||     2
 Armour: Leather armour    |    30 |     3 ||    33
  Dodge: Dodged            |    54 |     2 ||    56

Table legend: (Time is in decaauts)
 A = Elapsed time spent in this place.
 B = Non-inter-level travel time spent in this place.
 C = Inter-level travel time spent in this place.
 D = Time resting spent in this place.
 E = Time spent auto-exploring this place.
 F = Levels seen in this place.
 G = Mean time per level.
                   A        B        C        D        E       F      G
               +--------+--------+--------+--------+--------+-----+--------+
         Total |    660 |    611 |     49 |      0 |      0 |   2 |  330.0 |
       Dungeon |    660 |    611 |     49 |      0 |      0 |   2 |  330.0 |
               +--------+--------+--------+--------+--------+-----+--------+

Top non-repeatable levels by time:
     D:1: 366 daAuts
     D:2: 293 daAuts
